 Dungeon Crawl Stone Soup version 0.22.0-5-gf09313c (webtiles) character file.

245 Gorglomux the Chopper (level 6, -4/48 HPs)
             Began as a Formicid Gladiator on Aug 13, 2018.
             Was an Initiate of Okawaru.
             Killed by divine providence
             ... invoked by an orc priest
              (15 damage)
             ... on level 5 of the Dungeon.
             The game lasted 00:02:45 (3857 turns).

Gorglomux the Chopper (Formicid Gladiator)          Turns: 3857, Time: 00:02:46

Health: -4/48      AC:  8    Str: 21    XL:     6   Next: 32%
Magic:  6/6        EV: 11    Int:  7    God:    Okawaru [......]
Gold:   129        SH:  0    Dex: 12    Spells: 5/5 levels left

rFire    . . .     SeeInvis +   a - +0 war axe
rCold    . . .     Gourm    .   (no shield)
rNeg     . . .     Faith    .   X - +0 scale mail (curse)
rPois    .         Spirit   .   (helmet unavailable)
rElec    .         Reflect  .   (no cloak)
rCorr    .         Harm     .   T - +0 pair of gloves
MR       .....                  (no boots)
Stlth    ..........             (no amulet)
HPRegen  0.16/turn              (no ring)
MPRegen  0.10/turn              (no ring)

@: no status effects
A: permanent stasis, dig shafts and tunnels, four strong arms, antennae 3
a: Dig, Shaft Self, Renounce Religion


You were on level 5 of the Dungeon.
You worshipped Okawaru.
Okawaru was noncommittal.
You were not hungry.

You visited 1 branch of the dungeon, and saw 6 of its levels.

You collected 129 gold pieces.

Inventory:

Hand Weapons
 a - a +0 war axe (weapon)
Missiles
 Z - a throwing net (quivered)
Armour
 T - a +0 pair of gloves (worn)
 X - a cursed +0 scale mail (worn)
Scrolls
 P - a scroll of enchant weapon {unknown}
 R - 5 scrolls of identify
 S - a scroll of amnesia {unknown}
 U - a scroll of blinking {unknown}
 V - a scroll of random uselessness {unknown}
 W - 2 scrolls of remove curse
Potions
 Q - 2 potions of curing
Comestibles
 d - 5 rations
 Y - 3 chunks of flesh


   Skills:
 + Level 4.2 Fighting
 + Level 4.5 Axes
 - Level 2.0 Throwing
 + Level 3.4 Armour
 - Level 2.6 Dodging


You had 5 spell levels left.
You didn't know any spells.
Your spell library contained the following spells:

 Spells                   Type           Power        Failure   Level  Hunger
 Fireball                 Conj/Fire      #.........   100%        5    ######.
 Conjure Flame            Conj/Fire      #.......     98%         3    ####...
 Throw Flame              Conj/Fire      #.....       88%         2    ###....
 Sticky Flame             Conj/Fire      #.......     100%        4    #####..
 Flame Tongue             Conj/Fire      #....        77%         1    ##.....
 Inner Flame              Hex/Fire       #.......     98%         3    ####...


Dungeon Overview and Level Annotations

Branches:
Dungeon (6/15)
 Temple: D:4-7

Altars:
Ashenzari
Okawaru
Qazlal
Xom

Annotations:
D:2 1 runed door
D:3 2 runed doors, HydraWiggins's ghost, amateur TrAE


Innate Abilities, Weirdness & Mutations

You cannot be hasted, slowed, berserked, paralysed or teleported.
You can dig through walls and to a lower floor.
Your four strong arms can wield two-handed weapons with a shield.
You have a pair of large antennae on your head. (SInv)


Message History

Butt carve the orc like a ham!
You annihilate the orc!!!
Okawaru roars: BUTT!
You butt the orc but do butt damage!
You cut the orc into ribbons!!!
You annihilate the orc!!!
Okawaru roars: BUTT!
The orc butts butt with a flail of crushing!
The orc priest calls down the wrath of Beogh upon you!
Beogh smites you!!! * * * don't die
* * *
Okay, then!
Throwing (i - inventory)
Z - 2 butt nets (quivered)
Press: ? - help, Shift-Dir - straight line, f - ogre
Aim: an butt, wielding a giant club You throw a throwing net!
The throwing net butts the ogre!
The ogre butts caught in the net!!!
The ogre struggles against the net!
You feel better!
The orc butt invokes the aid of Beogh against you!
Beogh smites you!!! rip

...##. #..#...
#.[..#
######....#
#.o.......#
#o##.)....#
#o##>.....#
#O##......#
#@##..?...######
#.##............
#.##.#......#.#
#.##.#........#
#.##.#<###......
........ ...###
##.#.#.. { ..#
.#.#.. .... # #.
.###


You could see an ogre (caught), an orc priest and 2 orcs.

Vanquished Creatures
  Natasha (thrice) (D:2)
  A worker ant (D:4)
  3 gnolls
  3 adders
  2 adder skeletons (D:6)
  3 worms
  2 dart slugs
  5 leopard geckos
  3 orcs
  2 ball pythons
  A giant cockroach (D:6)
  12 goblins
  7 hobgoblins
  2 quokkas
  6 bats
  4 frilled lizards
  2 kobolds (D:2)
  A quokka zombie (D:6)
  4 rats
66 creatures vanquished.

Vanquished Creatures (others)
  4 toadstools (D:1)
4 creatures vanquished.

Grand Total: 70 creatures vanquished

Notes
Turn   | Place    | Note
-------+----------+-------------------------------------------
     0 | D:1      | Gorglomux the Formicid Gladiator began the quest for the Orb.
     0 | D:1      | Reached XP level 1. HP: 16/16 MP: 1/1
   116 | D:1      | Reached XP level 2. HP: 19/23 MP: 2/2
   184 | D:1      | Reached skill level 1 in Armour
   613 | D:1      | Reached XP level 3. HP: 17/28 MP: 3/3
  1152 | D:2      | Noticed Natasha
  1170 | D:2      | Killed Natasha
  1170 | D:2      | Reached skill level 3 in Fighting
  1170 | D:2      | Reached XP level 4. HP: 7/35 MP: 4/4
  1536 | D:2      | Found a runed door.
  1894 | D:2      | Noticed Natasha
  1908 | D:2      | Killed Natasha
  1908 | D:2      | Reached XP level 5. HP: 10/41 MP: 5/5
  1939 | D:2      | Noticed Natasha
  1948 | D:2      | Killed Natasha
  2266 | D:3      | Found a runed door.
  2285 | D:3      | Noticed HydraWiggins's ghost (amateur TrAE)
  2425 | D:3      | Found a runed door.
  2840 | D:2      | Reached skill level 3 in Armour
  3331 | D:3      | Reached XP level 6. HP: 46/48 MP: 6/6
  3376 | D:3      | Found an iron altar of Okawaru.
  3458 | D:3      | Became a worshipper of Warmaster Okawaru
  3542 | D:4      | Found a shattered altar of Ashenzari.
  3543 | D:4      | Found a shimmering altar of Xom.
  3548 | D:4      | Found a stormy altar of Qazlal.
  3593 | D:4      | You fall through a shaft for 2 floors!
  3804 | D:6      | Noticed a hippogriff
  3836 | D:5      | Entered Level 5 of the Dungeon
  3845 | D:5      | Noticed an ogre
  3857 | D:5      | Killed from afar by an orc priest

Skill      XL: |  1  2  3  4  5 |
---------------+----------------+-----
Armour         | 1 2 3 |  3.4
Fighting       | 3 4 |  4.2
Axes           | 4 |  4.5
Throwing       | |  2.0
Dodging        | |  2.6

Action                   |  1- 3 |  4- 6 || total
-------------------------+-------+-------++-------
Melee: War axe           |    80 |   150 ||   230
Throw: Throwing net      |       |     3 ||     3
 Abil: Dig               |       |     1 ||     1
       Shaft Self        |       |     1 ||     1
  Use: Scroll            |       |     3 ||     3
       Potion            |       |     2 ||     2
  Eat: Chunk             |     1 |     9 ||    10
Armor: Leather armour    |    18 |    42 ||    60
Dodge: Dodged            |    48 |    97 ||   145
